 Dungeon Crawl Stone Soup version 0.29.0-4-gdea44cf6ec (webtiles) character file.

Game seed: 16435857284697665504

74 qw the Chopper (level 4, 0/26 HPs)
             Began as a Tengu Warper on Aug 28, 2022.
             Succumbed to an adder's poison
             ... on level 2 of the Dungeon.
             The game lasted 00:00:07 (1478 turns).

qw the Chopper (Tengu Warper)                       Turns: 1478, Time: 00:00:08

Health: 0/26       AC:  3    Str: 14    XL:     4   Next: 28%
Magic:  8/8        EV: 12    Int: 13    God:
Gold:   83         SH:  0    Dex: 13    Spells: 7/7 levels left

rFire   . . .      SeeInvis .   Y - +0 hand axe
rCold   . . .      Faith    .   (no shield)
rNeg    . . .      Spirit   .   b - +0 leather armour
rPois   .          Reflect  .   (helmet restricted)
rElec   .          Harm     .   (no cloak)
rCorr   .          Rampage  .   (no gloves)
Will    .....                   (boots unavailable)
Stlth   +.........              (no amulet)
HPRegen 0.08/turn               (no ring)
MPRegen 0.11/turn               (no ring)

@: lethally poisoned (0 -> -5), about to teleport
A: beak, talons 3
a: no special abilities


You were on level 2 of the Dungeon.
You visited 1 branch of the dungeon, and saw 2 of its levels.

You collected 83 gold pieces.


Innate Abilities, Weirdness & Mutations

You have a beak for a mouth.
You have claws for feet.


   Skills:
 - Level 2.0 Fighting
 + Level 4.9 Axes
 - Level 1.0 Throwing
 - Level 1.1 Armour
 - Level 2.1 Dodging
 - Level 2.0 Spellcasting
 - Level 2.4 Translocations


You had 7 spell levels left.
You didn't know any spells.
Your spell library contained the following spells:

 Spells                   Type           Power      Damage    Failure   Level
 Blink                    Tloc           14%        N/A       19%         2
 Gell's Gravitas          Tloc           7%         N/A       34%         3
 Lesser Beckoning         Tloc           7%         N/A       34%         3
 Teleport Other           Tloc           7%         N/A       34%         3
 Manifold Assault         Tloc           7%         N/A       97%         5

Inventory:

Hand Weapons
 d - a +0 mace
 Y - a +0 hand axe (weapon)
Missiles
 i - 3 boomerangs (quivered)
Armour
 b - a +0 leather armour (worn)
Jewellery
 c - the amulet of Greed {Reflect rF+ rN+ SH+5}
   (You found it on level 2 of the Dungeon)

   [amulet of reflection]

   It reflects blocked missile attacks.
   rF:        It protects you from fire.
   rN:        It protects you from negative energy.
   SH:        It affects your SH (+5).
Potions
 a - a potion of curing {unknown}

Dungeon Overview and Level Annotations

Branches:
Dungeon (2/15)

Altars:


Message History

The jackal bites you but does no damage.
You barely miss the jackal. You peck the jackal, but do no damage.
The jackal is heavily wounded.
You hit the rat. You hit the jackal. The jackal closely misses you.
The jackal bites you but does no damage.
The rat misses you. The jackal closely misses you.
You barely miss the rat. You claw the rat.
You kill the rat!
You barely miss the jackal. x2
The jackal closely misses you. The jackal barely misses you. x2
You hit the jackal.
You kill the jackal!
You barely miss the jackal. You closely miss the adder. The adder bites you.
The jackal barely misses you.
You hit the jackal.
You kill the jackal!
You miss the adder. The adder bites you. The adder barely misses you.
You miss the adder. Your kick misses the adder. Your peck misses the adder.
The adder bites you.
You hit the adder. Your kick misses the adder.
You peck the adder, but do no damage.
The adder is moderately wounded.
The adder bites you. The adder closely misses you.
1475 ||| READING scroll of teleportation.
As you read the scroll of teleportation, it crumbles to dust.
You feel strangely unstable. The adder barely misses you.
You miss the adder.
The adder is moderately wounded.
The adder bites you. The adder closely misses you.
You miss the adder. Your kick misses the adder.
The adder is moderately wounded.
The adder bites you.
You are lethally poisoned!
The adder poisons you!
You hit the adder. You claw the adder.
You kill the adder!
You die...

# ....########### ...
..........# ..#
#........### #.#
#........... .
###.####........<#. #..
..................
.....###?####)##.###..#.
......%@...).....# #..#.
......%%.#######.# #..#.
.........# #.# #..#.
.......... ... .....
#..#.#.#.## #####....
.....#.#.# #..#. ....
#...# #..#. ... #...# .
#


There were no monsters in sight!

Vanquished Creatures
  Jessica (D:2)
  An adder (D:2)
  A dart slug (D:2)
  5 ball pythons
  7 bats
  5 endoplasms
  2 giant cockroaches (D:1)
  3 goblins
  3 hobgoblins (D:1)
  4 jackals (D:2)
  2 quokkas
  4 frilled lizards
  2 kobolds (D:2)
  2 rats
42 creatures vanquished.

Notes
Turn   | Place    | Note
-------+----------+-------------------------------------------
     0 | D:1      | qw the Tengu Warper began the quest for the Orb.
     0 | D:1      | Reached XP level 1. HP: 12/12 MP: 4/4
     0 | D:1      | 0 ||| qw: Version: 0.1-a-89-g26bdef1
     0 | D:1      | 0 ||| qw: Game counter: 2782
     0 | D:1      | 0 ||| qw: Always use a shield: true
     0 | D:1      | 0 ||| qw: God list: Okawaru
     0 | D:1      | 0 ||| qw: Allow faded altars: false
     0 | D:1      | 0 ||| qw: Do Orc after D:15 true
     0 | D:1      | 0 ||| qw: Do second Lair branch before Depths: true
     0 | D:1      | 0 ||| qw: Lair rune preference: random
     0 | D:1      | 0 ||| qw: Plans: Normal
     0 | D:1      | 0 ||| PLANNING D:1-11
   246 | D:1      | 246 ||| Stepping ~*~*~tactically~*~*~ (stealth).
   247 | D:1      | 247 ||| Stepping ~*~*~tactically~*~*~ (stealth).
   249 | D:1      | Reached XP level 2. HP: 15/17 MP: 6/6
   251 | D:1      | Reached skill level 3 in Axes
   590 | D:1      | 590 ||| Stepping ~*~*~tactically~*~*~ (stealth).
   791 | D:1      | Reached XP level 3. HP: 21/21 MP: 7/7
   865 | D:1      | 865 ||| Stepping ~*~*~tactically~*~*~ (stealth).
   867 | D:1      | 867 ||| Stepping ~*~*~tactically~*~*~ (stealth).
  1101 | D:1      | 1101 ||| READING scroll labelled DUCYKK AZEU.
  1102 | D:1      | 1102 ||| READING scroll labelled TINEKKU XOCE.
  1103 | D:1      | 1103 ||| READING scroll labelled HINYV PEWAOTY.
  1104 | D:1      | 1104 ||| READING 2 scrolls labelled HALLAELOIH.
  1105 | D:1      | 1105 ||| READING scroll labelled JOITYMN XOM VAM.
  1106 | D:1      | 1106 ||| READING scroll labelled OTTAZIXKOZ.
  1111 | D:1      | 1111 ||| DROPPING scroll of blinking.
  1112 | D:1      | 1112 ||| DROPPING scroll of poison.
  1142 | D:2      | 1142 ||| STAIRDANCE
  1178 | D:2      | Reached skill level 4 in Axes
  1365 | D:2      | Identified the amulet of Greed {Reflect rF+ rN+ SH+5}
  1425 | D:2      | 1425 ||| DROPPING +0 club.
  1444 | D:2      | Noticed Jessica
  1445 | D:2      | 1445 ||| Stepping ~*~*~tactically~*~*~ (hiding).
  1446 | D:2      | 1446 ||| Stepping ~*~*~tactically~*~*~ (hiding).
  1447 | D:2      | 1447 ||| Stepping ~*~*~tactically~*~*~ (hiding).
  1453 | D:2      | Killed Jessica
  1454 | D:2      | Reached XP level 4. HP: 26/26 MP: 8/8
  1474 | D:2      | HP: 5/26 [adder (4)]
  1475 | D:2      | 1475 ||| READING scroll of teleportation.
  1477 | D:2      | HP: 2/26 [adder (3)]
  1478 | D:2      | Succumbed to an adder's poison

Levels and vault maps discovered:
D:1:      dpeg_arrival_round_b, layout_loops_ring
D:2:      minmay_chambers_of_ones, layout_basic, basic_altar,
          uniq_crazy_yiuf_cottage, uniq_jessica

Skill      XL: |  1  2  3 |
---------------+----------+-----
Axes           | 3 4 |  4.9
Fighting       | |  2.0
Throwing       | |  1.0
Armour         | |  1.1
Dodging        | |  2.1
Spellcasting   | |  2.0
Translocations | |  2.4

Action                   |  1- 3 |  4- 6 || total
-------------------------+-------+-------++-------
Melee: Hand axe          |    64 |    16 ||    80
       Kick              |    14 |     4 ||    18
       Peck              |     9 |     3 ||    12
       Punch             |     1 |       ||     1
Throw: Boomerang         |    15 |       ||    15
  Use: Scroll            |     6 |     1 ||     7
Armor: Leather armour    |    10 |     4 ||    14
Dodge: Dodged            |    24 |    22 ||    46

Table legend:
 A = Non-vault XP
 B = Vault XP
 C = Vault XP percentage of total XP
 D = Non-vault monster count
 E = Vault monster count
 F = Vault count percentage of total count
                 A         B        C        D         E       F
            +---------+---------+-------+---------+---------+-------
      Total |      75 |      44 |  37.0 |      36 |       6 |  14.3
            +---------+---------+-------+---------+---------+-------
        D:1 |      42 |       0 |   0.0 |      25 |       0 |   0.0
        D:2 |      33 |      44 |  57.1 |      11 |       6 |  35.3
            +---------+---------+-------+---------+---------+-------
